 Dungeon Crawl Stone Soup version 0.28-a0-1435-g82390b3a13 (webtiles) character file.

Game seed: 3070290359788469142

13674 horus123 the Thaumaturge (level 11, -8/63 HPs)
             Began as a Deep Elf Conjurer on Jan 10, 2022.
             Was a Priest of Vehumet.
             Mangled by a death yak (17 damage)
             ... on level 1 of the Lair of Beasts.
             The game lasted 01:07:51 (16174 turns).

horus123 the Thaumaturge (Deep Elf Conjurer)       Turns: 16174, Time: 01:07:51

Health: -8/63      AC: 12    Str:  4    XL:     11   Next: 78%
Magic:  3/27       EV: 12    Int: 34    God:    Vehumet [***...]
Gold:   538        SH:  5    Dex: 13    Spells: 0/31 levels left

rFire   . . .      SeeInvis .   d - +2 long sword (venom)
rCold   + . .      Faith    .   z - orb {light}
rNeg    . . .      Spirit   .   y - +2 robe {rC+}
rPois   .          Reflect  +   O - +0 helmet
rElec   .          Harm     .   (no cloak)
rCorr   .          Rampage  .   v - +0 pair of gloves
Will    +....                   g - +1 pair of boots
Stlth   +.........              i - amulet of reflection
HPRegen 0.20/turn               f - +6 ring of intelligence
MPRegen 0.20/turn               l - +4 ring of protection

@: very slightly contaminated, glowing
A: no striking features
a: Renounce Religion


You were on level 1 of the Lair of Beasts.
You worshipped Vehumet.
Vehumet was most pleased with you.
You visited 3 branches of the dungeon, and saw 12 of its levels.
You also visited: Ossuary.

You collected 714 gold pieces.
You spent 176 gold pieces at shops.

Inventory:

Hand Weapons
 d - a +2 long sword of venom (weapon)
Armour
 a - a +1 robe
 g - a +1 pair of boots (worn)
 v - a +0 pair of gloves (worn)
 y - a +2 robe of cold resistance (worn)
 z - an orb of light (worn)
 I - +0 swamp dragon scales
 O - a +0 helmet (worn)
Jewellery
 f - a +6 ring of intelligence (left hand)
 h - a +6 ring of dexterity
 i - an amulet of reflection (around neck)
 k - a ring of resist corrosion
 l - a +4 ring of protection (right hand)
 D - a ring of fire
 E - a ring of ice
 P - a ring of poison resistance
Wands
 s - a wand of polymorph (9)
 C - a wand of flame (13)
 G - a wand of iceblast (8)
 K - a wand of charming (7)
Scrolls
 b - 7 scrolls of teleportation
 n - 5 scrolls of noise
 A - a scroll of fear {unknown}
 B - 2 scrolls of torment
 F - 3 scrolls of identify
 J - a scroll of fog
 L - a scroll of holy word
 Q - a scroll of enchant armour
Potions
 c - a potion of heal wounds {unknown}
 e - 2 potions of attraction
 j - 3 potions of lignification
 m - a potion of haste
 o - a potion of might
 p - 3 potions of curing
 q - a potion of flight {unknown}
 r - 2 potions of mutation {unknown}
 t - a potion of brilliance {unknown}
 u - 2 potions of cancellation {unknown}
 w - 2 potions of resistance {unknown}
 x - 2 potions of degeneration {unknown}
 H - a potion of magic {unknown}
 M - a potion of ambrosia {unknown}
 N - a potion of berserk rage {unknown}


   Skills:
 - Level 5.0 Fighting
 - Level 6.1 Long Blades
 - Level 2.4 Dodging
 - Level 2.4 Stealth
 - Level 10.5 Spellcasting
 - Level 7.3 Conjurations
 - Level 8.8 Hexes
 - Level 4.3 Summonings
 - Level 8.3 Translocations
 + Level 4.8 Fire Magic
 - Level 8.0 Evocations


You couldn't memorise any spells.
You knew the following spells:

 Your Spells              Type           Power      Damage    Failure   Level
a - Magic Dart            Conj           100%       1d8       1%          1
b - Searing Ray           Conj           100%       2d8       1%          2
c - Blink                 Tloc           100%       N/A       1%          2
d - Lesser Beckoning      Tloc           65%        N/A       1%          3
e - Iskenderun's Mystic   Conj/Tloc      63%        2d13      1%          4
f - Manifold Assault      Tloc           65%        N/A       2%          5
g - Fulminant Prism       Conj/Hex       32%        3d16      1%          4
h - Scorch                Fire           100%       2d10      1%          2
i - Shock                 Conj/Air       100%       1d9       1%          1
j - Foxfire               Conj/Fire      100%       2x1d9     1%          1
k - Starburst             Conj/Fire      28%        6d9       9%          6

Your spell library contained the following spells:

 Spells                   Type           Power      Damage    Failure   Level
 Conjure Flame            Conj/Fire      56%        6-21      1%          3
 Dazzling Flash           Conj/Hex       100%       N/A       1%          3
 Flame Wave               Conj/Fire      56%        2d9       1%          4
 Summon Cactus Giant      Summ           23%        N/A       54%         6


Dungeon Overview and Level Annotations

Branches:
Dungeon (10/15)            Temple (1/1) D:7            Lair (1/6) D:10
    Orc (0/2) D:10        Ossuary (visited)

Altars:
Cheibriados
Fedhas
Gozag
Hepliaklqana
Kikubaaqudgha
Makhleb
Nemelex Xobeh
Okawaru
Ru
Sif Muna
Trog
Uskayaw
Vehumet
Wu Jian
Xom
Yredelemnul
Zin
The Shining One

Shops:
D:1 [

Annotations:
Lair:1 1 runed translucent door, dolemite99's ghost, journeyman HOFi


Message History

The mystic blast hits the ice dragon.
The ice dragon is severely wounded.
The mystic blast hits the death yak simulacrum!
The death yak simulacrum is lightly damaged.
The death yak simulacrum is knocked back by the mystic blast.
The death yak simulacrum collides with the elephant simulacrum!
The elephant simulacrum is almost destroyed.
The death yak simulacrum is heavily damaged.
The ice dragon breathes frost at you. The blast of cold misses you.
Aiming: Throw Flame
Press: ? - help, Shift-Dir - straight line, f/p - ice dragon
Aim: an ice dragon (severely wounded, catching its breath, haloed, 87% to hit)
The puff of flame misses the ice dragon.
The puff of flame hits the naga simulacrum!!
The naga simulacrum melts!
The naga simulacrum vaporises!
Vehumet accepts your kill.
You hear a sizzling sound!
The ice dragon completely misses you. The ice dragon closely misses you.
The ice dragon misses you.
Aiming: Throw Flame
Press: ? - help, Shift-Dir - straight line, f/p - ice dragon
Aim: an ice dragon (severely wounded, catching its breath, haloed, 87% to hit)
The puff of flame hits the ice dragon!
The ice dragon is burned terribly!
The ice dragon is almost dead.
The ice dragon barely misses you.
The ice dragon claws you but does no damage.
The ice dragon tramples you but does no damage.
You block the death yak simulacrum's attack.
Aiming: Throw Flame
Press: ? - help, Shift-Dir - straight line, f/p - ice dragon
Aim: an ice dragon (almost dead, catching its breath, haloed, 87% to hit)
The puff of flame hits the ice dragon.
The ice dragon is burned terribly!
You kill the ice dragon!
Vehumet accepts your kill.
You feel your power returning.
The ice dragon scales are intact enough to wear.
The death yak gores you!
You die...

#...# #..## #...#
##...# .
#...####....# .≈
#...).......# # .≈≈
#.....#.....# # ..≈≈
##..#.##P...# #
..≈†Z###...####....#
### ..≈≈h5Y#....#
##...###.#
..≈≈≈k[@...##
#....#...
..≈≈≈.Z###.#
#........ ..≈≈≈.Z
#.# #P...###.#
..≈≈Z.. ### ##...#
### ..≈≈≈≈# #..## #
..≈≈≈≈ #... ##
..≈≈≈# .... #P .≈≈≈≈
.... ## #


You could see a death yak, a polar bear, a rime drake, a white imp, 2 death yak
simulacra, an elephant simulacrum and a troll simulacrum.

Vanquished Creatures
  An ice dragon (Lair:1)
  Pikel (D:4)
  An orc knight (D:10)
  Joseph (D:7)
  A cane toad (Lair:1)
  Maggie (D:7)
  A komodo dragon (D:9)
  2 rime drakes (Lair:1)
  A troll (D:9)
  5 blink frogs (Lair:1)
  The ghost of Atlas the Chiller, an amateur DsIE (D:5)
  Grinder (D:6)
  Eustachio (D:6)
  Sigmund (D:4)
  A wraith (D:10)
  19 yaks
  Grum (D:9)
  An acid dragon (D:10)
  2 water moccasins
  4 orc warriors
  A sky beast (D:6)
  An ice beast (D:6)
  2 black bears
  A necrophage (D:6)
  3 centaurs
  3 ogres
  4 lemures (D:4)
  4 wolves (D:9)
  A phantom (D:5)
  4 kobold brigands
  2 gnoll sergeants
  3 bullfrogs
  13 scorpions
  19 killer bees
  5 wights (D:8)
  2 electric eels (D:10)
  3 centaur zombies
  6 orc priests
  4 hounds
  3 jellies
  2 human zombies (Ossuary)
  A gnoll shaman (D:4)
  2 bullfrog skeletons
  2 centaur skeletons
  6 scorpion zombies (Ossuary)
  Natasha (thrice) (D:2)
  4 iguanas
  12 orc wizards
  A spriggan simulacrum (Lair:1)
  3 mummies (Ossuary)
  5 adders
  20 gnolls
  A naga simulacrum (Lair:1)
  A shadow imp (D:5)
  2 white imps
  An ufetubus (D:5)
  The ghost of AverageBear the Sneak, a weakling DsDe (D:5)
  3 dart slugs
  49 orcs
  6 bats
  6 endoplasms
  A giant cockroach (D:4)
  7 hobgoblins
  24 kobolds
  2 quokkas (D:1)
  12 ball pythons
  2 frilled lizards
  3 gnoll zombies (Ossuary)
  5 goblins
  2 goblin zombies (Ossuary)
  4 hobgoblin zombies (Ossuary)
  A kobold zombie (Ossuary)
  An orc zombie (Ossuary)
  3 rats
329 creatures vanquished.

Vanquished Creatures (others)
  An orc wizard (D:10)
  An orc (D:10)
  27 foxfires (D:10)
  7 fulminant prisms
  10 plants (D:2)
46 creatures vanquished.

Grand Total: 375 creatures vanquished

Notes
Turn   | Place    | Note
-------+----------+-------------------------------------------
     0 | D:1      | horus123 the Deep Elf Conjurer began the quest for the Orb.
     0 | D:1      | Reached XP level 1. HP: 10/10 MP: 6/6
    38 | D:1      | Found Demp's Armour Shoppe.
   194 | D:1      | Reached skill level 4 in Spellcasting
   194 | D:1      | Reached XP level 2. HP: 15/15 MP: 5/9
   231 | D:1      | Learned a level 2 spell: Searing Ray
   457 | D:1      | Learned a level 2 spell: Blink
   876 | D:1      | Reached skill level 5 in Conjurations
  1085 | D:2      | Reached XP level 3. HP: 19/19 MP: 8/10
  1113 | D:2      | Learned a level 3 spell: Lesser Beckoning
  1135 | D:2      | Noticed Natasha
  1139 | D:2      | Killed Natasha
  1223 | D:2      | Found a faded altar of an unknown god.
  1430 | D:2      | Reached XP level 4. HP: 24/24 MP: 6/12
  1501 | D:2      | Noticed Natasha
  1507 | D:2      | Killed Natasha
  1508 | D:2      | Reached skill level 1 in Long Blades
  1789 | D:2      | Noticed Natasha
  1793 | D:2      | Killed Natasha
  2295 | D:3      | Found a bloodstained altar of Trog.
  2346 | D:3      | Reached XP level 5. HP: 23/28 MP: 8/13
  2925 | D:4      | Found a sand-covered staircase.
  2942 | Ossuary  | Entered an ossuary
  3150 | Ossuary  | Learned a level 4 spell: Iskenderun's Mystic Blast
  3175 | Ossuary  | Reached XP level 6. HP: 30/32 MP: 2/14
  3276 | Ossuary  | Reached skill level 5 in Spellcasting
  3804 | Ossuary  | Reached XP level 7. HP: 30/36 MP: 16/16
  3824 | Ossuary  | Reached skill level 5 in Translocations
  4474 | Ossuary  | Reached XP level 8. HP: 11/41 MP: 3/17
  5114 | D:4      | Learned a level 5 spell: Manifold Assault
  5186 | D:4      | Found a sacrificial altar of Ru.
  5402 | D:4      | Reached skill level 6 in Spellcasting
  5765 | D:4      | Reached skill level 7 in Spellcasting
  5822 | D:4      | Noticed Pikel
  5829 | D:4      | Killed Pikel
  5830 | D:4      | Reached skill level 9 in Spellcasting
  6101 | D:4      | Noticed Sigmund
  6120 | D:4      | Reached skill level 10 in Spellcasting
  6125 | D:4      | Killed Sigmund
  6126 | D:4      | Reached XP level 9. HP: 28/45 MP: 4/25
  6327 | D:4      | Learned a level 4 spell: Fulminant Prism
  6528 | D:5      | Entered Level 5 of the Dungeon
  6539 | D:5      | Reached skill level 1 in Hexes
  6686 | D:5      | Found a runed translucent gate.
  6686 | D:5      | Found a runed translucent gate.
  6686 | D:5      | Found a runed translucent gate.
  6687 | D:5      | Noticed Atlas's ghost (amateur DsIE)
  6688 | D:5      | Noticed AverageBear's ghost (weakling DsDe)
  6695 | D:5      | Killed AverageBear's ghost
  6702 | D:5      | Killed Atlas's ghost
  6752 | D:5      | Reached skill level 5 in Hexes
  6945 | D:1      | Bought an orb of light for 176 gold pieces
  7219 | D:5      | Learned a level 3 spell: Dazzling Flash
  7293 | D:5      | Reached skill level 1 in Fighting
  7750 | D:5      | Found an ancient bone altar of Kikubaaqudgha.
  8245 | D:6      | Noticed Eustachio
  8322 | D:6      | Killed Eustachio
  8512 | D:6      | Noticed Grinder
  8513 | D:6      | Paralysed by Grinder for 3 turns
  8523 | D:6      | Killed Grinder
  9034 | D:6      | Reached skill level 5 in Fighting
  9278 | D:7      | Found a hide-covered altar of Uskayaw.
  9295 | D:7      | Noticed Joseph
  9560 | D:7      | Reached XP level 10. HP: 51/59 MP: 19/26
  9596 | D:7      | Killed Joseph
  9916 | D:7      | Found a staircase to the Ecumenical Temple.
  9935 | Temple   | Entered the Ecumenical Temple
 10004 | Temple   | Became a worshipper of Vehumet
 10113 | D:7      | Found a glowing silver altar of Zin.
 10113 | D:7      | Found an iron altar of Okawaru.
 10113 | D:7      | Found a blossoming altar of Fedhas.
 10119 | D:7      | Found a shimmering blue altar of Sif Muna.
 10226 | D:7      | Noticed Maggie
 10240 | D:7      | Killed Maggie
 10451 | D:7      | Found a hazy altar of Hepliaklqana.
 10517 | D:8      | Found a sparkling altar of Nemelex Xobeh.
 10637 | D:8      | Reached skill level 1 in Evocations
 10698 | D:8      | Reached * piety under Vehumet
 10698 | D:8      | Offered knowledge of Shock by Vehumet.
 10951 | D:8      | Learned a level 1 spell: Shock
 11405 | D:8      | Reached skill level 5 in Evocations
 12371 | D:9      | Offered knowledge of Foxfire by Vehumet.
 12378 | D:9      | Reached ** piety under Vehumet
 12379 | D:9      | Reached XP level 11. HP: 42/63 MP: 7/27
 12518 | D:9      | Reached skill level 5 in Long Blades
 12965 | D:9      | Noticed Grum
 12971 | D:9      | Killed Grum
 13447 | D:9      | Learned a level 1 spell: Foxfire
 13624 | D:9      | Found an ornate altar of the Wu Jian Council.
 13744 | D:10     | Entered Level 10 of the Dungeon
 13761 | D:10     | HP: 2/63 [acid dragon/splash of acid (38)]
 14114 | D:10     | Found a staircase to the Lair.
 14334 | D:10     | Offered knowledge of Conjure Flame by Vehumet.
 14455 | D:10     | Learned a level 3 spell: Conjure Flame
 14539 | D:10     | Reached skill level 1 in Fire Magic
 14737 | D:10     | Reached *** piety under Vehumet
 14853 | D:10     | Noticed an orc knight
 14870 | D:10     | Killed an orc knight
 14997 | D:10     | Found a staircase to the Orcish Mines.
 15043 | D:10     | Learned a level 2 spell: Scorch
 15050 | D:10     | Learned a level 6 spell: Summon Cactus Giant
 15325 | Lair:1   | Entered Level 1 of the Lair of Beasts
 15366 | Lair:1   | Reached skill level 1 in Summonings
 15548 | Lair:1   | Learned a level 6 spell: Starburst
 16058 | Lair:1   | Found a runed translucent door.
 16059 | Lair:1   | Found a shimmering altar of Xom.
 16059 | Lair:1   | Noticed a +1 war axe of chaos
 16059 | Lair:1   | Noticed dolemite99's ghost (journeyman HOFi)
 16160 | Lair:1   | Noticed an ice dragon
 16163 | Lair:1   | Noticed a death yak
 16174 | Lair:1   | Killed an ice dragon
 16174 | Lair:1   | Mangled by a death yak

Illustrated notes

Levels and vault maps discovered:
D:1:      eino_arrival_cavern_b, layout_loops_ring, serial_shops, shop,
          grunt_decor_one_mirror
D:2:      layout_loops_cross, dilly_ecumenical_altar_fadedgnrine, uniq_natasha
D:3:      layout_basic, bloody_trog, minmay_strange_pillars
D:4:      layout_rooms, nicolae_ru_sacrificial_ziggurat,
          nicolae_ossuary_entry_monument, minmay_unequal, uniq_pikel,
          uniq_sigmund
D:5:      layout_basic, lemuel_round_altar, gammafunk_ghost_cemetery
D:6:      layout_rooms, serial_rivers, chequers_serial_rivers_micro_b,
          chequers_serial_rivers_small_b, chequers_serial_rivers_room_a,
          chequers_serial_rivers_micro_e, chequers_serial_rivers_micro_e,
          uniq_grinder, uniq_eustachio
D:7:      layout_rooms, eat_drink_and_be_merry_uskayaw, kennysheep_mini,
          grunt_temple_overflow_cloverleaf, minmay_temple_entry_butterflies,
          uniq_joseph, uniq_maggie
D:8:      layout_basic, nemelex_spade_bored_becter,
          chequers_hall_statues_wall_a, st_stairs_9, hex_medium, chequers_avenue
D:9:      layout_roguey, nicolae_wu_jian_wuxing_cycle, uniq_grum
D:10:     layout_cave_pools, lair_entry_dummy, erik_orc_2
Temple:   bh_familiar_temple
Lair:1:   dreamdust_isle_of_ice, layout_concentric_octagons, ebering_ghost_xom,
          grunt_megastairs_3, uniq_gastronok

Skill      XL: |  1  2  3  4  5  6  7  8  9 10 11 |
---------------+----------------------------------+-----
Spellcasting   | 4 5 10 | 10.5
Conjurations   | 5 7 |  7.3
Translocations | 2 4 7 8 |  8.3
Long Blades    | 2 4 6 |  6.1
Hexes          | 6 8 |  8.8
Fighting       | 5 |  5.0
Evocations     | 8 |  8.0
Fire Magic     | 4 |  4.8
Summonings     | 4 |  4.3
Dodging        | |  2.4
Stealth        | |  2.4

Action                   |  1- 3 |  4- 6 |  7- 9 | 10-12 || total
-------------------------+-------+-------+-------+-------++-------
Melee: Long sword        |     2 |    46 |    43 |   156 ||   247
 Cast: Magic Dart        |    48 |    63 |   179 |    43 ||   333
       Searing Ray       |     1 |    16 |    53 |    40 ||   110
       Iskenderun's Myst |       |       |    12 |    18 ||    30
       Blink             |       |       |     1 |     3 ||     4
       Manifold Assault  |       |       |     5 |    46 ||    51
       Fulminant Prism   |       |       |     2 |     5 ||     7
       Lesser Beckoning  |       |       |     1 |     2 ||     3
       Shock             |       |       |       |   114 ||   114
       Foxfire           |       |       |       |    18 ||    18
       Starburst         |       |       |       |     1 ||     1
Evoke: Wand              |       |       |       |    14 ||    14
  Use: Scroll            |     4 |     5 |    13 |     4 ||    26
       Potion            |       |       |     1 |     4 ||     5
 Stab: Sleeping          |       |     1 |       |       ||     1
Armor: Robe              |     1 |    43 |    54 |    61 ||   159
Dodge: Dodged            |     2 |    55 |    76 |   115 ||   248
Block: Other             |       |    16 |    16 |       ||    32
       Orb               |       |       |    18 |    42 ||    60
       Reflection        |       |       |       |     6 ||     6

Table legend: (Time is in decaauts)
 A = Elapsed time spent in this place.
 B = Non-inter-level travel time spent in this place.
 C = Inter-level travel time spent in this place.
 D = Time resting spent in this place.
 E = Time spent auto-exploring this place.
 F = Levels seen in this place.
 G = Mean time per level.
                   A        B        C        D        E       F      G
               +--------+--------+--------+--------+--------+-----+--------+
         Total |  16193 |  15829 |    364 |   5684 |   7595 |  13 | 1245.6 |
       Dungeon |  13203 |  12875 |    328 |   4338 |   6630 |  10 | 1320.3 |
        Temple |    104 |     69 |     35 |      0 |     62 |   1 |  104.0 |
          Lair |    850 |    850 |      0 |     85 |    664 |   1 |  850.0 |
       Ossuary |   2034 |   2034 |      0 |   1261 |    239 |   1 | 2034.0 |
               +--------+--------+--------+--------+--------+-----+--------+

Top non-repeatable levels by time:
 Ossuary: 2034 daAuts
     D:4: 1783 daAuts
     D:9: 1669 daAuts
    D:10: 1584 daAuts
     D:8: 1575 daAuts
     D:6: 1392 daAuts
     D:7: 1240 daAuts
     D:1: 1037 daAuts
     D:3: 1022 daAuts
     D:5: 1002 daAuts
     D:2: 896 daAuts
  Lair:1: 850 daAuts
  Temple: 104 daAuts
